 Dungeon Crawl Stone Soup version 0.21-a0-404-g291f19a (webtiles) character file.

7609 Dorkslayer the Blocker (level 11, -9/87 HPs)
             Began as a Gnoll Fighter on Oct 29, 2017.
             Was a Priest of the Shining One.
             Shot with a bolt by an orc warrior (30 damage)
             ... on level 2 of the Orcish Mines.
             The game lasted 00:41:30 (9779 turns).

Dorkslayer the Blocker (Gnoll Fighter)              Turns: 9779, Time: 00:41:30

Health: -9/87      AC:  7    Str: 29    XL:     11   Next: 17%
Magic:  21/28      EV: 14    Int: 12    God:    the Shining One [***...]
Gold:   882        SH: 12    Dex: 14    Spells: 13/21 levels left

rFire    . . .     SeeInvis .   a - +2 war axe
rCold    + + .     Gourm    .   c - +0 shield
rNeg     + . .     Faith    .   x - +2 leather armour of the Lonely Wars {rF- rC+ MR+ Str+4}
rPois    +         Spirit   .   (no helmet)
rElec    .         Reflect  .   B - scarf {rC+ rF+}
rCorr    .         Harm     +   w - +0 pair of gloves
MR       +....                  (no boots)
Stlth    +.........             r - amulet of harm
HPRegen  0.24/turn              N - ring of wizardry
MPRegen  0.21/turn              J - ring "Qighu" {rPois MP+9 Str+4}

@: glowing
A: distributed training, fangs 1, strong nose
a: Divine Shield, Renounce Religion


You were on level 2 of the Orcish Mines.
You worshipped the Shining One.
The Shining One was most pleased with you.
You were not hungry.

You visited 2 branches of the dungeon, and saw 12 of its levels.
You also visited: Sewer.

You collected 882 gold pieces.

Inventory:

Hand Weapons
 a - a +2 war axe (weapon)
 D - a +1 scimitar of flaming
 I - the +6 dagger of Compulsion {pierce, rElec rN++ Str-5 Dex+4 Stlth+}
   (You took it off a centaur on level 9 of the Dungeon)

   It inflicts extra damage upon your enemies.
   It affects your strength (-5).
   It affects your dexterity (+4).
   It insulates you from electricity.
   It greatly protects you from negative energy.
   It makes you more stealthy.
Armour
 c - a +0 shield (worn)
 g - a +0 chain mail
 w - a +0 pair of gloves (worn)
 x - the +2 leather armour of the Lonely Wars (worn) {rF- rC+ MR+ Str+4}
   (You found it on level 4 of the Dungeon)

   It affects your strength (+4).
   It makes you vulnerable to fire.
   It protects you from cold.
   It affects your resistance to hostile enchantments.
 B - a scarf of resistance (worn)
 H - a scarf of cloud immunity
Jewellery
 r - an amulet of harm (around neck)
 J - the ring "Qighu" (right hand) {rPois MP+9 Str+4}
   (You acquired it on level 2 of the Orcish Mines)

   [ring of magical power]

   It affects your strength (+4).
   It protects you from poison.
   It affects your magic capacity (+9).
 N - a ring of wizardry (left hand)
Wands
 k - a wand of acid (0/15)
 y - a wand of disintegration (0/24)
 G - a wand of enslavement (0/24)
Scrolls
 b - a scroll of immolation {unknown}
 e - a scroll of enchant armour {unknown}
 h - 7 scrolls of remove curse
 i - 8 scrolls of teleportation
 m - 3 scrolls of fear
 u - 2 scrolls of fog
 A - a scroll of blinking
 C - a scroll of identify
 E - a scroll of magic mapping
Potions
 j - 3 potions of curing
 l - 5 potions of brilliance
 n - 2 potions of lignification
 p - a potion of haste
 s - 3 potions of agility
 t - 4 potions of flight
 z - 2 potions of resistance
 M - a potion of cancellation
Books
 o - a book of Clouds

   Spells                             Type                      Level
   a - Poisonous Vapours              Poison/Air                   2
   b - Mephitic Cloud                 Conjuration/Poison/Air       3
   c - Conjure Flame                  Conjuration/Fire             3
   d - Freezing Cloud                 Conjuration/Ice/Air          6
   e - Ring of Flames                 Charms/Fire                  7
Comestibles
 f - 9 bread rations
 q - 2 meat rations
 v - a royal jelly
 K - 3 chunks of flesh
 L - 3 fruits


   Skills:
 + Level 8.9 Fighting
 + Level 5.9 Short Blades
 + Level 5.9 Long Blades
 + Level 7.6 Axes
 + Level 5.9 Maces & Flails
 + Level 5.9 Polearms
 + Level 5.9 Staves
 + Level 5.9 Slings
 + Level 5.9 Bows
 + Level 5.9 Crossbows
 + Level 5.9 Throwing
 + Level 8.9 Armour
 + Level 5.9 Dodging
 + Level 5.9 Stealth
 + Level 8.9 Shields
 + Level 5.9 Unarmed Combat
 + Level 5.9 Spellcasting
 + Level 4.9 Conjurations
 + Level 4.9 Hexes
 + Level 4.9 Charms
 + Level 4.9 Summonings
 + Level 4.9 Necromancy
 + Level 4.9 Translocations
 + Level 4.9 Transmutations
 + Level 4.9 Fire Magic
 + Level 4.9 Ice Magic
 + Level 4.9 Air Magic
 + Level 4.9 Earth Magic
 + Level 4.9 Poison Magic
 + Level 6.5 Invocations
 + Level 5.9 Evocations


You had 13 spell levels left.
You knew the following spells:

 Your Spells              Type           Power        Failure   Level  Hunger
a - Poisonous Vapours     Pois/Air       ###...       3%          2    ##.....
b - Freezing Cloud        Conj/Ice/Air   ###.......   96%         6    #######


Dungeon Overview and Level Annotations

Branches:
Dungeon (10/15)            Temple (0/1) D:6            Lair (0/6) D:9
    Orc (2/2) D:10
    Elf: Orc:2

Altars:
Ashenzari
Kikubaaqudgha
Makhleb
Sif Muna
Trog
Vehumet
Xom
The Shining One
Beogh

Shops:
D:4 %

Annotations:
Orc:1 1 transporter


Innate Abilities, Weirdness & Mutations

Your experience applies equally to all skills.
You have very sharp teeth.
Your uncanny sense of smell can sniff out nearby items.


Message History

The orc warrior shoots a bolt.
You block the bolt.
The orc warrior shoots a bolt.
The bolt hits you!
You see here 2 bolts.
The orc warrior shoots a bolt.
You block the bolt.
You see here a bolt.
Casting: Poisonous Vapours
Confirm with . or Enter, or press ? or * to list all spells.
Aiming: Poisonous Vapours
Press: ? - help, Dir - move target cursor, f - orc warrior, p - orc warrior
Aim: an orc warrior, wielding an arbalest Poisonous vapours surround the orc warrior!
The orc warrior shoots a bolt.
You block the bolt.
The orc warrior is poisoned.
The orc warrior shoots a bolt.
The bolt hits you!
You hear a shout!
You hear a shout!
The orc shoots a bolt.
The bolt hits you!
* * * LOW HITPOINT WARNING * * *
You see here a bolt.
The orc warrior shoots a bolt.
The bolt hits you!!
You die...

........=..............##
........###..........###
.....#.## #........###
##...### ##....#### #####
##...#.## #......# ###
##....## ##.#### ###...#
##...#.#
#@..#######.#.....
##.(...#.#........#
#..(.........#...##
##(#..............#
##(...........#...
##((..............
#.(..............#
#######o(............##
......(.o.o...........#


You could see an orc warrior.

Vanquished Creatures
  A hydra (D:10)
  Erica (D:8)
  An unseen horror (D:8)
  Joseph (D:7)
  A komodo dragon (D:9)
  Prince Ribbit (D:6)
  2 hippogriffs (D:7)
  A spriggan (D:7)
  A wraith (D:10)
  Eustachio (D:5)
  Menkaure (D:4)
  A water moccasin (D:10)
  An ice beast (D:7)
  2 orc warriors (Orc:2)
  A sky beast (D:8)
  A black bear (D:9)
  A hornet zombie (D:8)
  3 ogres
  2 necrophages
  The ghost of nemato the Chopper, an amateur MiCK of Xom (D:3)
  4 centaurs
  A big kobold (D:8)
  A crocodile (D:9)
  2 bullfrogs
  A gnoll sergeant (D:5)
  6 scorpions
  6 electric eels (D:8)
  4 crimson imps
  2 centaur zombies (D:8)
  A bullfrog zombie (D:7)
  A hound (D:6)
  2 jellies
  4 orc priests
  9 orc wizards
  2 bullfrog skeletons
  Jessica (D:3)
  Natasha (thrice) (D:3)
  3 iguanas
  7 worker ants
  A hound skeleton (D:4)
  A worker ant zombie (D:6)
  A howler monkey zombie (D:6)
  3 gnolls (D:5)
  10 adders
  A shadow imp (D:4)
  4 oozes (Sewer)
  An adder zombie (D:8)
  3 adder skeletons
  5 worms
  A dart slug (D:1)
  9 leopard geckos
  30 orcs
  5 ball pythons
  8 giant cockroaches
  4 goblins
  10 hobgoblins
  18 jackals
  11 kobolds
  4 quokkas
  13 bats
  6 frilled lizards
  A quokka zombie (D:7)
  12 rats
  A plant (D:8)
248 creatures vanquished.

Vanquished Creatures (collateral kills)
  A centaur (Orc:2)
  2 orcs (D:10)
3 creatures vanquished.

Vanquished Creatures (others)
  A gargoyle (D:10)
  A warg (D:10)
  2 orc warriors
  3 centaurs (Orc:2)
  2 orcs (Orc:2)
  A plant (D:9)
10 creatures vanquished.

Grand Total: 261 creatures vanquished

Notes
Turn   | Place    | Note
-------+----------+-------------------------------------------
     0 | D:1      | Dorkslayer the Gnoll Fighter began the quest for the Orb.
     0 | D:1      | Reached XP level 1. HP: 23/23 MP: 1/1
   218 | D:1      | Reached XP level 2. HP: 25/29 MP: 2/2
   639 | D:1      | Reached XP level 3. HP: 34/35 MP: 3/3
   935 | D:2      | Found a shattered altar of Ashenzari.
   967 | D:2      | Reached skill level 1 in Invocations
  1358 | D:2      | Reached skill level 1 in Short Blades
  1358 | D:2      | Reached skill level 1 in Long Blades
  1358 | D:2      | Reached skill level 1 in Maces & Flails
  1358 | D:2      | Reached skill level 1 in Polearms
  1358 | D:2      | Reached skill level 1 in Staves
  1358 | D:2      | Reached skill level 1 in Slings
  1358 | D:2      | Reached skill level 1 in Bows
  1358 | D:2      | Reached skill level 1 in Crossbows
  1358 | D:2      | Reached skill level 1 in Throwing
  1358 | D:2      | Reached skill level 1 in Dodging
  1358 | D:2      | Reached skill level 1 in Stealth
  1358 | D:2      | Reached skill level 1 in Unarmed Combat
  1358 | D:2      | Reached skill level 1 in Spellcasting
  1358 | D:2      | Reached skill level 1 in Evocations
  1362 | D:2      | Reached XP level 4. HP: 37/41 MP: 5/5
  1536 | D:3      | Noticed Natasha
  1548 | D:3      | Killed Natasha
  1548 | D:3      | Reached skill level 1 in Conjurations
  1548 | D:3      | Reached skill level 1 in Hexes
  1548 | D:3      | Reached skill level 1 in Charms
  1548 | D:3      | Reached skill level 1 in Summonings
  1548 | D:3      | Reached skill level 1 in Necromancy
  1548 | D:3      | Reached skill level 1 in Translocations
  1548 | D:3      | Reached skill level 1 in Transmutations
  1548 | D:3      | Reached skill level 1 in Fire Magic
  1548 | D:3      | Reached skill level 1 in Ice Magic
  1548 | D:3      | Reached skill level 1 in Air Magic
  1548 | D:3      | Reached skill level 1 in Earth Magic
  1548 | D:3      | Reached skill level 1 in Poison Magic
  1558 | D:3      | Noticed Jessica
  1561 | D:3      | Killed Jessica
  1561 | D:3      | Reached XP level 5. HP: 26/47 MP: 5/7
  1591 | D:3      | Noticed Natasha
  1619 | D:3      | Killed Natasha
  1691 | D:3      | Noticed Natasha
  1701 | D:3      | Killed Natasha
  1783 | D:3      | Found a glowing golden altar of the Shining One.
  1796 | D:3      | Became a worshipper of the Shining One
  1849 | D:3      | Found a glowing drain.
  1876 | Sewer    | Entered a sewer
  1879 | Sewer    | Reached XP level 6. HP: 39/53 MP: 8/8
  2428 | D:3      | Found a faded altar of an unknown god.
  2449 | D:3      | Noticed nemato's ghost (amateur MiCK)
  2464 | D:3      | Killed nemato's ghost
  2464 | D:3      | Reached skill level 5 in Axes
  2879 | D:3      | Found a shattered altar of Ashenzari.
  2887 | D:3      | Found an ancient bone altar of Kikubaaqudgha.
  2903 | D:3      | Found a shimmering altar of Xom.
  2963 | D:4      | Noticed Menkaure
  2974 | D:4      | Killed Menkaure
  2974 | D:4      | Reached XP level 7. HP: 14/60 MP: 10/10
  3130 | D:4      | Reached * piety under the Shining One
  3504 | D:4      | Got a transparent leather armour
  3725 | D:4      | Found Faelle's Food Boutique.
  3891 | D:4      | Identified the +2 leather armour of the Lonely Wars {rF- rC+ MR+ Str+4} (You found it on level 4 of the Dungeon)
  3902 | D:5      | Entered Level 5 of the Dungeon
  3920 | D:5      | Noticed Eustachio
  3930 | D:5      | Killed Eustachio
  3930 | D:5      | Reached XP level 8. HP: 62/67 MP: 10/12
  4025 | D:5      | HP: 3/67 [poisoned by a gnoll sergeant]
  4030 | D:5      | HP: 2/67 [poisoned by a gnoll sergeant]
  4036 | D:5      | HP: 2/67 [poisoned by a gnoll sergeant]
  4358 | D:5      | Found a radiant altar of Vehumet.
  5196 | D:6      | Found a staircase to the Ecumenical Temple.
  5349 | D:6      | Noticed Prince Ribbit
  5371 | D:6      | Reached XP level 9. HP: 38/72 MP: 14/14
  5672 | D:6      | Reached ** piety under the Shining One
  6012 | D:7      | Noticed Joseph
  6024 | D:7      | Killed Joseph
  6376 | D:6      | Killed Prince Ribbit
  6376 | D:6      | Reached skill level 5 in Invocations
  6761 | D:8      | Found a burning altar of Makhleb.
  6831 | D:8      | Reached XP level 10. HP: 63/80 MP: 17/17
  7506 | D:8      | Noticed Erica
  7520 | D:8      | Killed Erica
  7520 | D:8      | Reached skill level 5 in Short Blades
  7520 | D:8      | Reached skill level 5 in Long Blades
  7520 | D:8      | Reached skill level 5 in Maces & Flails
  7520 | D:8      | Reached skill level 5 in Polearms
  7520 | D:8      | Reached skill level 5 in Staves
  7520 | D:8      | Reached skill level 5 in Slings
  7520 | D:8      | Reached skill level 5 in Bows
  7520 | D:8      | Reached skill level 5 in Crossbows
  7520 | D:8      | Reached skill level 5 in Throwing
  7520 | D:8      | Reached skill level 5 in Dodging
  7520 | D:8      | Reached skill level 5 in Stealth
  7520 | D:8      | Reached skill level 5 in Unarmed Combat
  7520 | D:8      | Reached skill level 5 in Spellcasting
  7520 | D:8      | Reached skill level 5 in Evocations
  7639 | D:8      | Noticed an unseen horror
  7652 | D:8      | Killed an unseen horror
  7848 | D:8      | Reached *** piety under the Shining One
  8330 | D:9      | Found a staircase to the Lair.
  8363 | D:9      | Found Qogrowkeid's Book Boutique.
  8730 | D:9      | Got an uncursed encrusted dagger {pierce}
  8731 | D:9      | Identified the +6 dagger of Compulsion {pierce, rElec rN++ Str-5 Dex+4 Stlth+} (You took it off a centaur on level 9 of the Dungeon)
  8875 | D:9      | Found a deep blue altar of Sif Muna.
  8928 | D:9      | Identified Sif Muna's Disquisition on Venomous Attacks
  9032 | D:10     | Entered Level 10 of the Dungeon
  9111 | D:10     | Noticed a gargoyle
  9140 | D:10     | Found a staircase to the Orcish Mines.
  9153 | D:10     | Noticed a seven-headed hydra
  9173 | D:10     | Killed a two-headed hydra
  9173 | D:10     | Reached XP level 11. HP: 45/87 MP: 19/19
  9336 | D:10     | Learned a level 2 spell: Poisonous Vapours
  9343 | D:10     | Learned a level 6 spell: Freezing Cloud
  9391 | Orc:1    | Entered Level 1 of the Orcish Mines
  9472 | Orc:1    | Found a transporter.
  9510 | Orc:2    | Entered Level 2 of the Orcish Mines
  9599 | Orc:2    | Found a bloodstained altar of Trog.
  9664 | Orc:2    | Identified a scroll of acquirement
  9665 | Orc:2    | Got a shimmering steel ring
  9667 | Orc:2    | Identified the ring "Qighu" {rPois MP+9 Str+4} (You acquired it on level 2 of the Orcish Mines)
  9731 | Orc:2    | Found a roughly hewn altar of Beogh.
  9763 | Orc:2    | Noticed an orc knight
  9765 | Orc:2    | Noticed an orc knight
  9779 | Orc:2    | Shot with a bolt by an orc warrior

Vault maps used:
D:1:      elethiomel_arrival_infinity_welcomes_careful_drivers,
          hangedman_decor_slide_cut, corner_web_ring
D:2:      kennysheep_six_static_rooms, first_bread, ashenzari_altar_1
D:3:      grunt_temple_overflow_cloverleaf, chequers_ecumenical_altar_simple,
          portal_sewer_entry_f, uniq_natasha, uniq_jessica
D:4:      serial_shops, shop, uniq_menkaure
D:5:      overflow_temple_1_default, uniq_eustachio
D:6:      minmay_temple_entry_from_below_b, serial_bayou_pond_e,
          uniq_prince_ribbit1
D:7:      the_bakery, hangedman_decor_lopped, uniq_joseph
D:8:      minmay_opposing_rooms, kennysheep_mini, serial_bayou_lake_a,
          uniq_erica
D:9:      david_lair_shrubbed, serial_shops, nicolae_shop_stone, led_sif_book
D:10:     david_orc_3, kennysheep_generic_room_10
Orc:1:    gammafunk_beogh_shrine
Orc:2:    st_orc_rangers, basic_altar, bloody_trog
Sewer:    sewer_fruit_machine

Skill      XL: |  1  2  3  4  5  6  7  8  9 10 |
---------------+-------------------------------+-----
Invocations    | 1 2 3 4 5 6 |  6.5
Short Blades   | 1 2 3 4 5 |  5.9
Long Blades    | 1 2 3 4 5 |  5.9
Maces & Flails | 1 2 3 4 5 |  5.9
Polearms       | 1 2 3 4 5 |  5.9
Staves         | 1 2 3 4 5 |  5.9
Slings         | 1 2 3 4 5 |  5.9
Bows           | 1 2 3 4 5 |  5.9
Crossbows      | 1 2 3 4 5 |  5.9
Throwing       | 1 2 3 4 5 |  5.9
Dodging        | 1 2 3 4 5 |  5.9
Stealth        | 1 2 3 4 5 |  5.9
Unarmed Combat | 1 2 3 4 5 |  5.9
Spellcasting   | 1 2 3 4 5 |  5.9
Evocations     | 1 2 3 4 5 |  5.9
Conjurations   | 1 2 3 4 |  4.9
Hexes          | 1 2 3 4 |  4.9
Charms         | 1 2 3 4 |  4.9
Summonings     | 1 2 3 4 |  4.9
Necromancy     | 1 2 3 4 |  4.9
Translocations | 1 2 3 4 |  4.9
Transmutations | 1 2 3 4 |  4.9
Fire Magic     | 1 2 3 4 |  4.9
Ice Magic      | 1 2 3 4 |  4.9
Air Magic      | 1 2 3 4 |  4.9
Earth Magic    | 1 2 3 4 |  4.9
Poison Magic   | 1 2 3 4 |  4.9
Axes           | 5 6 7 |  7.6
Fighting       | 7 8 |  8.9
Armour         | 7 8 |  8.9
Shields        | 7 8 |  8.9

Action                   |  1- 3 |  4- 6 |  7- 9 | 10-12 || total
-------------------------+-------+-------+-------+-------++-------
Melee: War axe           |    80 |   137 |   253 |   117 ||   587
       Bite              |     9 |    16 |    23 |    16 ||    64
       Mace              |     2 |       |       |       ||     2
       Scimitar          |       |       |       |     6 ||     6
Throw: Tomahawk          |       |       |    22 |    14 ||    36
 Cast: Poisonous Vapours |       |       |       |    11 ||    11
Evoke: Wand              |       |       |     4 |    25 ||    29
  Use: Scroll            |     1 |     9 |     4 |     5 ||    19
       Potion            |       |     3 |     5 |     1 ||     9
  Eat: Chunk             |     1 |     6 |     4 |     4 ||    15
       Bread ration      |       |       |     2 |       ||     2
       Fruit             |       |       |       |     4 ||     4
       Royal jelly       |       |       |       |     1 ||     1
Armor: Scale mail        |    24 |    40 |       |       ||    64
       Chain mail        |       |     8 |   117 |    50 ||   175
       Skin              |       |     2 |       |       ||     2
       Leather armour    |       |       |       |     2 ||     2
Dodge: Dodged            |    16 |    51 |    54 |    60 ||   181
Block: Shield            |    48 |    91 |   137 |    97 ||   373

Table legend:
 A = Spawn XP
 B = Non-spawn XP
 C = Spawn XP percentage of total XP
 D = Spawn monster count
 E = Non-spawn monster count
 F = Spawn count percentage of total count
 G = Total turns spent on level
                    A         B        C        D         E        F      G
               +---------+---------+-------+---------+---------+-------+---------
         Total |       0 |   10871 |   0.0 |       0 |     253 |   0.0 |  9779
               +---------+---------+-------+---------+---------+-------+---------
           D:1 |       0 |      40 |   0.0 |       0 |      23 |   0.0 |   901
           D:2 |       0 |      69 |   0.0 |       0 |      18 |   0.0 |   632
           D:3 |       0 |     395 |   0.0 |       0 |      30 |   0.0 |   912
           D:4 |       0 |     455 |   0.0 |       0 |      16 |   0.0 |   981
           D:5 |       0 |     866 |   0.0 |       0 |      23 |   0.0 |   914
           D:6 |       0 |     952 |   0.0 |       0 |      16 |   0.0 |  1058
           D:7 |       0 |    1634 |   0.0 |       0 |      31 |   0.0 |   835
           D:8 |       0 |    2953 |   0.0 |       0 |      37 |   0.0 |  1591
           D:9 |       0 |    1007 |   0.0 |       0 |      11 |   0.0 |   732
          D:10 |       0 |    1670 |   0.0 |       0 |      11 |   0.0 |   359
         Orc:1 |       0 |     122 |   0.0 |       0 |       1 |   0.0 |   119
         Orc:2 |       0 |     640 |   0.0 |       0 |      12 |   0.0 |   269
         Sewer |       0 |      68 |   0.0 |       0 |      24 |   0.0 |   476
               +---------+---------+-------+---------+---------+-------+---------
